 Dungeon Crawl Stone Soup version 0.28-a0-1206-g193881aaa2 (webtiles) character file.

Game seed: 14587404613912273792

133 SensoryNuts the Skirmisher (level 4, -1/35 HPs)
             Began as a Demonspawn Fighter on Dec 20, 2021.
             Succumbed to an adder's poison
             ... on level 4 of the Dungeon.
             The game lasted 00:02:45 (2822 turns).

SensoryNuts the Skirmisher (Demonspawn Fighter)     Turns: 2822, Time: 00:02:46

Health: -1/35      AC:  9    Str: 18      XL:     4   Next: 94%
Magic:  4/4        EV:  9    Int:  9 (10) God:
Gold:   140        SH:  4    Dex: 12      Spells: 3/3 levels left

rFire   . . .      SeeInvis .   a - +4 long sword
rCold   . . .      Faith    .   c - +0 buckler
rNeg    . . .      Spirit   .   b - +0 scale mail
rPois   .          Reflect  .   (no helmet)
rElec   .          Harm     .   (no cloak)
rCorr   .          Rampage  .   (no gloves)
Will    .....                   (no boots)
Stlth   ..........              (no amulet)
HPRegen 0.11/turn               (no ring)
MPRegen 0.09/turn               (no ring)

@: lethally poisoned (-1 -> -6), invisible
A: yellow scales 2
a: no special abilities


You were on level 4 of the Dungeon.
You visited 1 branch of the dungeon, and saw 4 of its levels.

You collected 140 gold pieces.

Inventory:

Hand Weapons
 a - a +4 long sword (weapon)
Armour
 b - a +0 scale mail (worn)
 c - a +0 buckler (worn)
Jewellery
 h - a ring of wizardry
Scrolls
 f - a scroll of identify
 i - a scroll of amnesia
Potions
 d - 2 potions of might
 e - a potion of lignification


   Skills:
 + Level 3.5 Fighting
 + Level 3.3 Long Blades
 + Level 3.2 Armour
 + Level 0.2 Dodging
 + Level 0.7 Stealth
 + Level 3.2 Shields


You had 3 spell levels left.
You didn't know any spells.
Your spell library was empty.

Dungeon Overview and Level Annotations

Branches:
Dungeon (4/15)
 Temple: D:4-7

Altars:
Uskayaw
Wu Jian

Annotations:
D:4 1 runed translucent door, Crazy Yiuf


Innate Abilities, Weirdness & Mutations

You are mostly covered in yellow scales. (AC +3)


Message History

There are monsters nearby!
There are monsters nearby!
You slash the orc priest!
The orc priest is almost dead.
You feel sick.
The orc priest looks encouraged for a moment.
You block the adder's attack. The orc hits you but does no damage.
You block the orc's attack. The orc hits you with a +0 hand axe.
The orc priest barely misses you.
You feel sick.
The orc priest hits you but does no damage.
You block the adder's attack.
You feel sick.
You are no longer poisoned.
You barely miss the adder. The adder closely misses you.
The orc priest mumbles some strange prayers to Beogh against you.
Beogh smites you!
* * * LOW HITPOINT WARNING * * *
The adder bites you but does no damage.
The orc hits you from afar with a +0 trident.
* * * LOW HITPOINT WARNING * * *
The orc priest looks encouraged for a moment.
You fade into invisibility!
The adder closely misses you. The adder closely misses you.
The adder barely misses you.
A magic dart appears from out of thin air!
The adder closely misses you.
You open the door. The adder bites you.
* * * LOW HITPOINT WARNING * * *
You are lethally poisoned!
The adder poisons you!
* * * LOW HITPOINT WARNING * * *
You feel sick.
There is an open door here.
Okay, then.
Okay, then.
Okay, then.
You barely miss the adder.
You die...

...#............ #.o...#
...#............ #o....#
...#.............#o....#
...#.............#.....#
...#.............#.....#
+###†....##.....##{o...#
.........##.....##.....#
................#......#
................@S.....#
................#......#
..##.....##.....##.....#
..##.....##.....##.....#
..#.......#............#
..#.......#............#
..#.......#............#
..#.......#............#
..#.......#............#


You could see an adder and an orc.

Vanquished Creatures
  Terence (D:2)
  3 adders
  A howler monkey skeleton (D:4)
  A worm (D:4)
  A dart slug (D:3)
  4 orcs (D:3)
  4 endoplasms
  4 giant cockroaches
  12 goblins
  2 hobgoblins (D:3)
  2 jackals (D:4)
  3 quokkas
  5 ball pythons
  3 bats
  3 frilled lizards
  4 kobolds (D:1)
  12 rats
65 creatures vanquished.

Vanquished Creatures (others)
  2 demonic plants (D:2)
  4 fungi (D:2)
  9 plants (D:2)
  A withered plant (D:2)
16 creatures vanquished.

Grand Total: 81 creatures vanquished

Notes
Turn   | Place    | Note
-------+----------+-------------------------------------------
     0 | D:1      | SensoryNuts the Demonspawn Fighter began the quest for the
                  | Orb.
     0 | D:1      | Reached XP level 1. HP: 18/18 MP: 1/1
   171 | D:1      | Gained mutation: You are partially covered in yellow
                  | scales. (AC +2) [demonic ancestry]
   171 | D:1      | Reached XP level 2. HP: 22/24 MP: 2/2
  1270 | D:2      | Noticed Terence
  1275 | D:2      | Killed Terence
  1276 | D:2      | Reached XP level 3. HP: 27/29 MP: 3/3
  1335 | D:2      | Found a faded altar of an unknown god.
  1711 | D:3      | Gained mutation: You are mostly covered in yellow scales.
                  | (AC +3) [demonic ancestry]
  1711 | D:3      | Reached XP level 4. HP: 34/35 MP: 4/4
  1831 | D:3      | Found a hide-covered altar of Uskayaw.
  1916 | D:3      | Found an ornate altar of the Wu Jian Council.
  2673 | D:4      | Found a runed translucent door.
  2674 | D:4      | Noticed Crazy Yiuf
  2821 | D:4      | HP: 1/35 [poisoned by an adder]
  2822 | D:4      | Succumbed to an adder's poison

Illustrated notes

Levels and vault maps discovered:
D:1:      evilmike_arrival_rings, layout_loops_ring
D:2:      layout_loops_ring, shapermc_ecumenical_altar_gd, minmay_liquid_box,
          uniq_terence
D:3:      layout_rooms, mainiacjoe_overflow_six_doors_small,
          mainiacjoe_overflow_24_doors, serial_glass, glass_columns_a,
          glass_columns_b, minmay_goblin_outpost
D:4:      layout_gridville, uniq_natasha, uniq_crazy_yiuf_cottage

Skill      XL: |  1  2  3  4 |
---------------+-------------+-----
Long Blades    | 2 3 |  3.3
Shields        | 3 |  3.2
Armour         | 3 |  3.2
Fighting       | |  3.5
Dodging        | |  0.2
Stealth        | |  0.7

Action                   |  1- 3 |  4- 6 || total
-------------------------+-------+-------++-------
Melee: Long sword        |    89 |    71 ||   160
  Use: Scroll            |     5 |     4 ||     9
       Potion            |     1 |     5 ||     6
Armor: Scale mail        |    43 |    38 ||    81
Dodge: Dodged            |    25 |    47 ||    72
Block: Buckler           |    19 |    31 ||    50

Table legend: (Time is in decaauts)
 A = Elapsed time spent in this place.
 B = Non-inter-level travel time spent in this place.
 C = Inter-level travel time spent in this place.
 D = Time resting spent in this place.
 E = Time spent auto-exploring this place.
 F = Levels seen in this place.
 G = Mean time per level.
                   A        B        C        D        E       F      G
               +--------+--------+--------+--------+--------+-----+--------+
         Total |   2870 |   2813 |     57 |      0 |   2382 |   4 |  717.5 |
       Dungeon |   2870 |   2813 |     57 |      0 |   2382 |   4 |  717.5 |
               +--------+--------+--------+--------+--------+-----+--------+

Top non-repeatable levels by time:
     D:2: 941 daAuts
     D:3: 818 daAuts
     D:1: 784 daAuts
     D:4: 325 daAuts
